 Dungeon Crawl Stone Soup version 0.31-a0-920-g28cbb04a8c (webtiles) character file.

Game seed: 13802061199176797243

3758 Dirtsage the Grappler (level 10, 0/69 HPs)
             Began as an Octopode Shapeshifter on Oct 17, 2023.
             Was a Follower of Wu Jian.
             Killed from afar by an orc wizard (9 damage)
             ... with a puff of flame
             ... on level 8 of the Dungeon.
             The game lasted 00:15:25 (7282 turns).

Dirtsage the Grappler (Octopode Shapeshifter)       Turns: 7282, Time: 00:15:25

Health: 0/69       AC:  5    Str: 16    XL:     10   Next: 15%
Magic:  0/10       EV: 17    Int: 13    God:    Wu Jian [*.....]
Gold:   284        SH:  6    Dex: 13    Spells: 9/9 levels left

rFire   . .          .
                       - Unarmed
rCold   . . .        r - +2 buckler
rNeg    . . .        (helmet currently unavailable)
rPois   +            E - amulet of guardian spirit
rElec   .            P - ring of poison resistance
rCorr   .            k - ring of willpower
SInv    .            w - +5 ring of evasion
Will    +....        y - +4 ring of protection
Stlth   ++           (no ring)
HPRegen 0.31/turn    (no ring)
MPRegen 0.12/turn    (no ring)
                     (no ring)

%: guardian spirit
@: mighty, beast-form
A: beast (slay +4), almost no armour, amphibious, 8 rings, camouflage 1,
gelatinous body 1, (nimble swimmer 1), tentacles
a: Begin Untransformation, Renounce Religion


You were on level 8 of the Dungeon.
You worshipped Wu Jian.
Wu Jian was aware of your devotion.
You were a hulking beast.
You visited 2 branches of the dungeon, and saw 9 of its levels.

You collected 284 gold pieces.

Inventory:

Missiles
 B - a throwing net
Armour
 r - a +2 buckler (worn)
Magical Staves
 x - a staff of fire
Jewellery
 k - a ring of willpower (right tentacle)
 w - a +5 ring of evasion (on tentacle)
 y - a +4 ring of protection (on tentacle)
 E - an amulet of guardian spirit (around mantle)
 P - a ring of poison resistance (left tentacle)
Talismans
 b - a beast talisman (active)
 c - a flux talisman
 D - a beast talisman (active)
Wands
 l - a wand of light (3)
 A - a wand of iceblast (13)
Scrolls
 g - a scroll of fear
 h - a scroll of revelation
 i - a scroll of silence {unknown}
 n - 2 scrolls of immolation
 t - a scroll of torment
 u - 3 scrolls of teleportation {unknown}
 z - a scroll of enchant armour {unknown}
 C - a scroll of butterflies
Potions
 a - a potion of invisibility {unknown}
 d - 3 potions of might
 e - 2 potions of attraction {unknown}
 f - 2 potions of resistance {unknown}
 j - 2 potions of haste {unknown}
 m - 2 potions of cancellation {unknown}
 o - 2 potions of lignification
 p - 2 potions of brilliance {unknown}
 s - 2 potions of mutation {unknown}
 v - 2 potions of enlightenment {unknown}


   Skills:
 + Level 6.3 Fighting
 - Level 2.0 Dodging
 * Level 9.6 Unarmed Combat
 * Level 8.9 Shapeshifting


You had 9 spell levels left.
You didn't know any spells.
Your spell library contained the following spells:

 Spells                   Type           Power      Damage    Failure   Level
 Blink                    Tloc           0%         N/A       52%         2
 Poisonous Vapours        Pois/Air       0%         N/A       52%         2
 Inner Flame              Hex/Fire       0%         N/A       77%         3
 Mephitic Cloud           Conj/Pois/Air  0%         N/A       77%         3
 Manifold Assault         Tloc           0%         N/A       99%         4
 Summon Lightning Spire   Summ/Air       0%         N/A       99%         4
 Freezing Cloud           Conj/Ice/Air   0%         6-21      100%        5
 Lee's Rapid Deconstruct  Erth           0%         3d4*      100%        5
 Yara's Violent Unravell  Hex/Tmut       0%         3d3       100%        5
 Enfeeble                 Hex            0%         N/A       100%        7
 Animate Armour           Summ/Erth      Unusable   N/A       N/A         4

Dungeon Overview and Level Annotations

Branches:
Dungeon (8/15)             Temple (1/1) D:7
   Lair: D:8-11

Altars:
Ashenzari
Cheibriados
Dithmenos
Elyvilon
Fedhas
Gozag
Hepliaklqana
Kikubaaqudgha
Makhleb
Nemelex Xobeh
Okawaru
Qazlal
Ru
Sif Muna
Trog
Uskayaw
Vehumet
Wu Jian
Xom
Yredelemnul
Zin
The Shining One

Shops:
D:2 [   D:3 :   D:5 [(


Innate Abilities, Weirdness & Mutations

You are a hulking beast.
Your limbs bulge with bestial killing power. (Slay +4)
You cannot wear most types of armour.
You are amphibious.
You can wear up to eight rings at the same time.
Your skin changes colour to match your surroundings (Stealth+).
Your rubbery body absorbs attacks. (AC +1, EV +1)
((You are camouflaged when in or above water. (Stealth+)))
You have tentacles for arms and can constrict up to eight enemies at once.


Message History

Press: ? - help, Shift-Dir - straight line, f - orc wizard
Aim: an orc wizard, wielding a +0 dagger and wearing a +0 robe (64% to hit)
The bolt of light hits the orc priest!
The orc priest is severely wounded.
The orc priest is blinded.
The bolt of light hits the orc wizard!
The orc wizard is almost dead.
The orc wizard is blinded.
The orc wizard gestures at you while chanting.
The magic dart hits the orc priest.
Something hits you but does no damage.
The orc priest shouts!
You feel better.
An orc comes into view. It is wielding a +0 club.
Something hits you.
* * * LOW HITPOINT WARNING * * *
Something burns you.
* * * LOW HITPOINT WARNING * * *
You take 1 damage, and have 6/62 hp.
It was a potion of might.
You feel very mighty all of a sudden.
d - 3 potions of might
k - a ring of willpower (right tentacle)
The orc wizard gestures at the orc priest while chanting.
The magic dart hits the orc priest.
The orc priest dies!
You hear some strange, mumbled words.
Something tries to affect you, but you resist.
You bludgeon something! You squeeze something! You bludgeon something!
The Council accepts your kill.
Reactivating autopickup.
You feel a bit more experienced. The orc wizard casts a spell at you.
The magic dart hits the orc!
The orc dies!
You have reached level 10!
You feel clever.
Items here: )))) [[[ †.
The orc wizard casts a spell at you. The puff of flame hits you!
You die...

..... #.# #..#
#.##.# ....<####.#
#..# #.##.#
........#.# #..#
#.##.#
........#.#####..#
#.##.#
........#........#
..#
........#..####.##
........#o.#..#.#
#....)......#.#
#......#h#.##.#
..[......#)#.##.#
##.......#.# ##.#
#.......#)# #.#
#.......#.#
##......#.#
#....:.#.# #.# #.#


You could see an orc wizard (blind).

Vanquished Creatures
  Erica (D:8)
  Grinder (D:6)
  Sigmund (D:3)
  2 wyverns
  A steam dragon (D:6)
  A water moccasin (D:8)
  An ice beast (D:6)
  3 orc warriors
  2 black bears
  A sky beast (D:7)
  A centaur (D:5)
  A phantom (D:5)
  A kobold brigand (D:7)
  A bullfrog (D:7)
  3 wights (D:6)
  4 killer bees (D:7)
  2 hounds (D:4)
  3 orc priests (D:7)
  3 jellies
  A gnoll bouda (D:5)
  A sleepcap (D:7)
  Terence (D:3)
  14 orc wizards
  3 iguanas (D:5)
  Robin (D:3)
  10 gnolls
  5 adders
  2 shadow imps (D:7)
  A white imp (D:6)
  4 ufetubi
  A worm (D:3)
  3 dart slugs
  28 orcs
  3 ball pythons
  3 endoplasms
  7 giant cockroaches
  13 goblins
  5 hobgoblins
  8 jackals
  8 kobolds
  5 quokkas
  5 bats
  2 frilled lizards (D:3)
  4 rats
171 creatures vanquished.

Vanquished Creatures (others)
  An orc priest (D:8)
  An orc (D:8)
2 creatures vanquished.

Grand Total: 173 creatures vanquished

Notes
Turn   | Place    | Note
-------+----------+-------------------------------------------
     0 | D:1      | Dirtsage the Octopode Shapeshifter began the quest for the
                  | Orb.
     0 | D:1      | Reached XP level 1. HP: 13/13 MP: 1/1
   339 | D:1      | Reached XP level 2. HP: 15/18 MP: 2/2
   913 | D:1      | Found a faded altar of an unknown god.
  1015 | D:2      | Found Diwkeq's Antique Armour Shoppe.
  1494 | D:2      | Reached XP level 3. HP: 23/23 MP: 3/3
  1770 | D:3      | Noticed Sigmund
  1785 | D:3      | Killed Sigmund
  1786 | D:3      | Reached skill level 4 in Unarmed Combat
  1786 | D:3      | Reached XP level 4. HP: 10/30 MP: 4/4
  1786 | D:3      | Reached XP level 5. HP: 12/35 MP: 5/5
  1967 | D:3      | Found a shimmering altar of Xom.
  1974 | D:3      | Found a blossoming altar of Fedhas.
  1988 | D:3      | Found a stormy altar of Qazlal.
  2004 | D:3      | Found Ynoel's Vocational Training.
  2053 | D:3      | Found a sacrificial altar of Ru.
  2053 | D:3      | Noticed Terence
  2067 | D:3      | Killed Terence
  2069 | D:3      | Reached XP level 6. HP: 40/41 MP: 6/6
  2141 | D:3      | Noticed Robin
  2167 | D:3      | Killed Robin
  2339 | D:3      | Found a glowing silver altar of Zin.
  2568 | D:3      | Found a shimmering blue altar of Sif Muna.
  2927 | D:4      | Reached skill level 5 in Unarmed Combat
  2979 | D:4      | Found a bloodstained altar of Trog.
  3317 | D:4      | Found a shadowy altar of Dithmenos.
  3687 | D:4      | Found a hide-covered altar of Uskayaw.
  3887 | D:5      | Entered Level 5 of the Dungeon
  3935 | D:5      | Noticed a wyvern
  3947 | D:5      | Killed a wyvern
  3948 | D:5      | Reached skill level 5 in Shapeshifting
  3948 | D:5      | Reached XP level 7. HP: 25/46 MP: 7/7
  4198 | D:5      | Reached skill level 6 in Unarmed Combat
  4210 | D:5      | HP: 2/47 [gnoll/+0 flail[a gnoll bouda] (13)]
  4474 | D:5      | Found Ibisul Rain's Antique Armour Emporium.
  4488 | D:5      | Found Amoewk's Weapon Boutique.
  4506 | D:5      | Reached XP level 8. HP: 51/54 MP: 8/8
  4744 | D:5      | Found an opulent altar of Gozag.
  5345 | D:6      | Reached skill level 7 in Unarmed Combat
  5652 | D:6      | Noticed Grinder
  5661 | D:6      | Killed Grinder
  5662 | D:6      | Reached XP level 9. HP: 41/60 MP: 9/9
  5815 | D:6      | Found a snail-covered altar of Cheibriados.
  5899 | D:7      | Reached skill level 5 in Fighting
  6022 | D:7      | Reached skill level 8 in Unarmed Combat
  6081 | D:7      | Found a staircase to the Ecumenical Temple.
  6091 | Temple   | Entered the Ecumenical Temple
  6104 | Temple   | Became a worshipper of the Wu Jian Council
  6146 | D:7      | Found a white marble altar of Elyvilon.
  7040 | D:7      | Reached skill level 9 in Unarmed Combat
  7243 | D:8      | Reached * piety under Wu Jian
  7250 | D:8      | Noticed Erica
  7274 | D:8      | HP: 3/62 [something (4)]
  7280 | D:8      | Killed Erica
  7281 | D:8      | Reached XP level 10. HP: 8/69 MP: 0/10
  7282 | D:8      | Killed from afar by an orc wizard

Illustrated notes

Levels and vault maps discovered:
D:1:      minmay_arrival_split_and_join, layout_basic,
          shapermc_ecumenical_altar_venn
D:2:      layout_basic, serial_shops, nicolae_shop_gibbet_a_chance,
          kennysheep_generic_room_10
D:3:      layout_loops_ring, lemuel_doored_altar,
          mainiacjoe_overflow_six_doors_small,
          chequers_temple_overflow_statue_of_worship,
          mainiacjoe_overflow_big_doors, nicolae_shop_vocational, uniq_sigmund,
          uniq_terence, uniq_robin
D:4:      layout_layer_cave, kennysheep_mini, mainiacjoe_overflow_alcove_2,
          trog_three_pillars_becter
D:5:      layout_basic, grunt_gozag_statues, serial_shops,
          nicolae_stop_n_shop_2, shop, nicolae_nh_ransacked_shop
D:6:      layout_rooms, mainiacjoe_overflow_alcove_4, kennysheep_generic_room_3,
          uniq_grinder
D:7:      layout_rooms, elyvilon_altar_5, minmay_temple_entry_poolview
D:8:      layout_basic, ebering_ghost_disaster_area, minmay_misc_feat_chi,
          grunt_ogre_cave, uniq_erica, uniq_amaemon, uniq_grum
Temple:   dpeg_chambers_temple

Skill      XL: |  1  2  3  4  5  6  7  8  9 |
---------------+----------------------------+-----
Fighting       | 2 3 4 6 |  6.3
Unarmed Combat | 4 5 6 7 9 |  9.6
Shapeshifting  | 4 5 7 8 |  8.9
Dodging        | |  2.0

Action                     |  1- 3 |  4- 6 |  7- 9 | 10-12 || total
---------------------------+-------+-------+-------+-------++-------
  Melee: Unarmed           |    43 |    83 |   248 |       ||   374
         Constrict         |    12 |    16 |    52 |       ||    80
         Tentacles         |     6 |    11 |    64 |       ||    81
         Punch             |     3 |     2 |    14 |       ||    19
Ability: Lunge             |       |       |     3 |       ||     3
  Evoke: Wand              |       |     1 |     3 |       ||     4
    Use: Scroll            |       |     5 |     4 |       ||     9
         Potion            |       |     1 |     5 |       ||     6
   Stab: Sleeping          |     4 |     4 |     1 |       ||     9
         Invisible         |       |     1 |     2 |       ||     3
         Distracted        |       |     1 |       |       ||     1
 Armour: Skin              |    13 |    39 |   107 |     1 ||   160
  Dodge: Dodged            |    21 |    35 |   117 |       ||   173
  Block: Buckler           |       |     8 |    57 |       ||    65

Table legend: (Time is in decaauts)
 A = Elapsed time spent in this place.
 B = Non-inter-level travel time spent in this place.
 C = Inter-level travel time spent in this place.
 D = Time resting spent in this place.
 E = Time spent auto-exploring this place.
 F = Levels seen in this place.
 G = Mean time per level.
                   A        B        C        D        E       F      G
               +--------+--------+--------+--------+--------+-----+--------+
         Total |   7249 |   6994 |    255 |    792 |   5123 |   9 |  805.4 |
       Dungeon |   7222 |   6991 |    231 |    792 |   5123 |   8 |  902.8 |
        Temple |     26 |      2 |     24 |      0 |      0 |   1 |   26.0 |
               +--------+--------+--------+--------+--------+-----+--------+

Top non-repeatable levels by time:
     D:5: 1391 daAuts
     D:4: 1204 daAuts
     D:1: 979 daAuts
     D:7: 969 daAuts
     D:3: 906 daAuts
     D:6: 883 daAuts
     D:2: 787 daAuts
     D:8: 100 daAuts
  Temple: 26 daAuts
